Map: 데이터-C

Players

Solar - Winner!

  • Race: Zerg Zerg
  • Spawn Location: 3:00

GuMiho

  • Race: Terran Terran
  • Spawn Location: 9:00

Event: DreamHack SC2 Masters 2022 Atlanta (Offline)

VOD

Have the link to the VOD?

Description

Time

  • Played on: Nov. 18, 2022, 5:57 p.m.
  • Length: 28:54

All games in this series

Show
View Real Time Build Order
Export as new Build Order

Solar Zerg - Winner!

Build Orders: Hatch First, Lurkers 

Get SALT Encoding   

  12  0:00  Drone  
  13  0:12  Overlord  
  13  0:16  Drone  
  14  0:30  Drone x2  
  16  0:47  Hatchery  
  15  0:51  Drone  
  15  0:54  Drone  
  17  0:57  Drone  
  18  1:08  Extractor  
  17  1:13  Spawning Pool  
  17  1:16  Drone  
  17  1:20  Drone  
  18  1:27  Drone  
  19  1:38  Drone  
  20  1:55  Drone  
  20  2:00  Queen x2  
  25  2:08  Zergling x4  
  27  2:11  Overlord  
  27  2:12  Drone  
  28  2:22  Hatchery  
  27  2:23  Drone  
  28  2:30  Drone  
  28  2:32  Drone x2  
  31  2:38  Queen  
  31  2:43  Overlord  
  33  2:48  Metabolic Boost  
  33  2:51  Drone  
  33  2:54  Drone  
  33  2:56  Drone  
  35  3:04  Drone x2  
  37  3:09  Drone x3  
  40  3:14  Queen  
  40  3:17  Overlord  
  40  3:19  Drone  
  43  3:31  Overlord  
  43  3:34  Queen  
  43  3:35  Queen  
  43  3:40  Drone x4  
  43  3:41  Drone  
  52  3:44  Drone x2  
  54  3:49  Drone x3  
  54  3:55  Drone x4  
  61  4:00  Zergling x2  
  62  4:06  Overlord  
  62  4:07  Zergling x2  
  63  4:10  Queen  
  63  4:15  Overlord  
  65  4:19  Overlord  
  65  4:24  Queen, Overlord  
  65  4:25  Drone x2  
  65  4:27  Zergling x6  
  65  4:28  Drone  
  65  4:30  Lair  
  65  4:31  Overlord  
  73  4:33  Overlord  
  73  4:37  Extractor  
  73  4:38  Drone, Extractor  
  73  4:39  Drone  
  73  4:41  Spore Crawler, Baneling Nest  
  73  4:44  Drone x3  
  74  4:46  Drone x2  
  74  4:50  Queen  
  74  4:51  Drone  
  79  4:53  Drone x2  
  79  4:54  Drone  
  79  4:58  Spore Crawler, Drone  
  79  4:59  Drone  
  83  5:03  Evolution Chamber  
  83  5:04  Drone  
  83  5:05  Evolution Chamber  
  83  5:06  Zergling x4  
  84  5:08  Drone  
  84  5:09  Drone  
  84  5:10  Drone  
  86  5:14  Overlord  
  86  5:15  Drone  
  86  5:16  Drone  
  86  5:17  Drone  
  86  5:18  Drone  
  86  5:20  Drone x2  
  92  5:21  Drone  
  92  5:24  Overlord  
  92  5:25  Extractor x2  
  92  5:27  Drone x2  
  93  5:30  Centrifugal Hooks  
  93  5:40  Hatchery  
  93  5:41  Zerg Ground Armor Level 1  
  93  5:42  Zerg Melee Weapons Level 1  
  92  5:43  Drone  
  92  5:44  Drone  
  92  5:47  Overlord  
  92  5:49  Drone, Overlord  
  96  5:50  Drone  
  96  5:51  Drone  
  96  5:53  Drone  
  96  5:55  Drone x3  
  101  5:57  Zergling x4  
  101  6:02  Zergling x6  
  101  6:03  Zergling x2  
  101  6:04  Zergling x2  
  108  6:06  Overseer  
  108  6:10  Zergling x2  
  109  6:11  Overlord  
  109  6:13  Zergling x6  
  109  6:17  Zergling x2  
  109  6:18  Hydralisk Den  
  112  6:20  Baneling x2  
  112  6:21  Overlord  
  112  6:22  Baneling x8  
  112  6:23  Zergling x2, Baneling x2  
  113  6:26  Zergling x2  
  113  6:30  Zergling x2  
  113  6:31  Zergling x10  
  120  6:33  Zergling x2  
  120  6:37  Overlord  
  121  6:42  Pneumatized Carapace  
  121  6:43  Zergling x10  
  125  6:50  Zergling x2  
  125  6:51  Drone  
  129  6:55  Zergling x4  
  129  6:57  Drone  
  129  6:58  Zergling x2  
  129  6:59  Zergling x4  
  134  7:03  Baneling x7  
  134  7:04  Zergling x4  
  134  7:06  Overlord  
  136  7:11  Muscular Augments, Drone x2  
  136  7:12  Zergling x8  
  136  7:13  Extractor  
  139  7:15  Hydralisk x3  
  139  7:19  Zergling x2  
  145  7:23  Spore Crawler  
  145  7:24  Overseer, Hatchery  
  145  7:26  Drone x4  
  145  7:28  Zergling x4  
  145  7:29  Overlord  
  149  7:33  Baneling x3  
  149  7:36  Overlord  
  149  7:37  Hydralisk  
  149  7:40  Zergling x14  
  149  7:42  Hydralisk  
  160  7:46  Overlord  
  160  7:47  Drone  
  160  7:48  Drone  
  160  7:49  Spore Crawler, Zerg Melee Weapons Level 2, Zerg Ground Armor Level 2  
  161  7:51  Drone  
  161  7:52  Infestation Pit  
  161  7:53  Zergling x4  
  161  7:54  Zergling x2  
  161  7:57  Zergling x6  
  166  7:59  Hydralisk  
  166  8:03  Zergling x4  
  166  8:04  Drone  
  171  8:10  Zergling x12  
  171  8:12  Baneling x12  
  166  8:16  Zergling x12  
  166  8:17  Extractor  
  171  8:20  Drone  
  171  8:25  Hydralisk  
  174  8:28  Zergling x6  
  174  8:32  Hatchery  
  169  8:37  Zergling x4  
  169  8:38  Drone  
  169  8:39  Drone  
  169  8:43  Hydralisk x2  
  169  8:44  Zergling x4  
  169  8:47  Lurker Den  
  169  8:48  Hive  
  173  8:52  Drone x2  
  173  8:54  Zergling x8  
  179  8:55  Baneling x2  
  179  8:56  Baneling  
  179  8:57  Overlord x2  
  179  9:02  Hydralisk x3  
  179  9:04  Zergling x2  
  179  9:09  Zergling x10  
  187  9:14  Zergling x2  
  170  9:19  Zergling x16  
  170  9:23  Hydralisk  
  162  9:27  Hydralisk  
  143  9:32  Zergling x10  
  143  9:34  Baneling x9  
  143  9:35  Baneling  
  143  9:36  Hydralisk  
  149  9:41  Hydralisk x2  
  149  9:44  Zergling x8, Lurker Den  
  156  9:49  Zergling x2  
  156  9:51  Baneling x10  
  156  9:52  Zergling x2  
  158  9:56  Zergling x8  
  147  10:04  Zergling x6  
  147  10:05  Zerg Missile Weapons Level 1  
  135  10:08  Zergling x10  
  135  10:10  Drone  
  135  10:11  Drone  
  135  10:13  Zergling x2  
  133  10:16  Zergling x4  
  133  10:19  Zergling x6  
  131  10:24  Viper  
  131  10:26  Zergling x6  
  136  10:30  Overlord  
  136  10:33  Zergling x6  
  136  10:35  Baneling x11  
  139  10:36  Baneling  
  139  10:39  Drone x4  
  139  10:40  Zergling x4, Drone x2  
  147  10:43  Baneling x3  
  147  10:44  Drone x2, Extractor  
  147  10:49  Zergling x4  
  150  10:55  Grooved Spines  
  150  10:56  Zergling x10  
  155  10:58  Zergling x4  
  155  11:00  Seismic Spines  
  155  11:02  Extractor  
  156  11:06  Zergling x2, Drone x3  
  156  11:07  Zergling x2  
  156  11:10  Zergling x20, Baneling x5  
  170  11:17  Zergling x2  
  172  11:18  Drone  
  172  11:19  Drone  
  172  11:22  Zergling x10  
  178  11:30  Zergling x4  
  175  11:36  Drone x2  
  175  11:37  Drone x3  
  175  11:38  Lurker x5  
  186  11:40  Zergling x16  
  186  11:43  Spore Crawler  
  192  11:47  Baneling x7  
  192  11:49  Hatchery  
  192  11:50  Zergling x2  
  192  11:51  Zergling x14  
  196  11:54  Zergling x2  
  196  11:57  Zergling x2  
  196  12:00  Drone  
  196  12:01  Hydralisk, Drone x2  
  190  12:02  Hydralisk x2  
  190  12:06  Extractor  
  190  12:08  Zergling x14  
  178  12:14  Adaptive Talons  
  176  12:20  Hydralisk x3  
  176  12:22  Zergling x6  
  183  12:23  Zergling x4  
  183  12:29  Hydralisk x4  
  193  12:32  Lair, Spore Crawler  
  193  12:34  Lurker  
  193  12:36  Zergling x8  
  197  12:37  Zergling x2  
  197  12:41  Zergling x4  
  197  12:42  Zergling x2  
  198  12:45  Zergling x2  
  199  12:54  Baneling x12  
  199  12:58  Baneling x3  
  196  13:11  Zergling x28  
  174  13:17  Zergling x8  
  164  13:20  Drone, Hatchery  
  164  13:22  Drone x2  
  163  13:28  Drone x3  
  163  13:31  Baneling x5  
  163  13:33  Zergling x4  
  168  13:34  Zergling x2  
  168  13:35  Zergling x6  
  170  13:41  Lurker x4  
  170  13:43  Zergling x2  
  170  13:44  Zergling x4  
  170  13:46  Hive  
  170  13:47  Hydralisk x2, Extractor  
  175  13:50  Baneling x2  
  175  13:53  Zergling x4  
  177  13:59  Overseer x2  
  177  14:01  Zergling x12  
  179  14:06  Hydralisk x2  
  181  14:10  Zergling x2  
  181  14:22  Zergling x14  
  181  14:24  Baneling x2  
  187  14:29  Zergling x12  
  187  14:34  Hydralisk x2  
  187  14:36  Zergling x6  
  187  14:38  Hatchery  
  185  14:42  Drone x3  
  185  14:43  Drone  
  186  14:48  Zergling x8  
  186  14:52  Baneling x10  
  190  14:53  Zergling x6, Baneling x4  
  190  14:55  Drone x2  
  190  14:58  Zergling x6  
  196  15:05  Drone x2  
  199  15:08  Zergling x2  
  200  15:19  Hatchery  
  199  15:22  Zergling x2  
  199  15:24  Zerg Melee Weapons Level 3  
  199  15:26  Zerg Ground Armor Level 3  
  199  15:31  Zergling x2  
  199  15:46  Baneling x2  
  199  15:47  Baneling x5  
  199  15:48  Overseer x2  
  199  15:54  Zergling x2  
  199  16:00  Zergling x2  
  199  16:01  Zergling x6  
  196  16:09  Hydralisk x3  
  198  16:25  Hatchery  
  198  16:29  Viper  
  198  16:32  Zergling x2  
  198  16:33  Zergling x4  
  198  16:34  Zergling x2  
  198  16:35  Zergling x2  
  198  16:37  Zergling x10  
  199  16:43  Zergling x4  
  199  16:44  Hatchery  
  199  16:45  Baneling x2  
  199  16:46  Burrow  
  198  16:49  Hatchery  
  198  16:50  Zergling x6  
  200  17:04  Overlord x3  
  200  17:08  Overlord  
  199  17:13  Spore Crawler  
  199  17:15  Overseer  
  198  17:20  Hatchery  
  195  17:24  Zergling x18  
  195  17:25  Hatchery  
  195  17:29  Zergling x14  
  199  17:32  Zergling x2  
  199  17:33  Zergling x4  
  199  17:55  Zergling x10  
  199  17:57  Hydralisk  
  200  18:01  Zerg Missile Weapons Level 2  
  200  18:08  Zergling x2  
  200  18:09  Hatchery  
  200  18:11  Baneling x13  
  198  18:13  Zergling x4  
  199  18:28  Drone  
  199  18:36  Drone x3  
  199  18:39  Zergling x14  
  198  18:42  Zergling x4  
  198  18:48  Overseer  
  200  18:55  Drone x2  
  199  18:56  Drone  
  199  19:00  Zergling x50  
  183  19:04  Zergling x2  
  183  19:05  Zergling x10  
  183  19:09  Zergling x12  
  164  19:15  Zergling x10, Baneling x3  
  161  19:17  Zergling x2, Drone  
  161  19:18  Drone x3  
  161  19:19  Drone  
  161  19:21  Lurker x10, Hydralisk  
  161  19:22  Hydralisk x2  
  181  19:27  Infestor x2  
  181  19:29  Zergling x2  
  181  19:30  Zergling x2, Baneling x5  
  181  19:31  Baneling x11, Drone x2  
  189  19:32  Baneling x2  
  189  19:33  Baneling, Hydralisk x2  
  189  19:35  Zergling x2  
  194  19:41  Zergling x6  
  194  19:43  Baneling x4  
  197  19:48  Zergling x4  
  197  19:52  Zergling x10  
  198  19:55  Drone x2  
  198  19:56  Drone x2  
  196  20:02  Drone  
  196  20:03  Drone x2  
  195  20:11  Drone  
  195  20:12  Zergling x6, Drone x5  
  199  20:18  Drone  
  199  20:21  Hydralisk  
  197  20:22  Infestor  
  197  20:23  Infestor  
  197  20:25  Hydralisk x3  
  199  20:45  Zergling x2  
  199  20:46  Zergling x4  
  199  20:55  Zergling x2  
  199  21:06  Zergling x2, Infestor x2  
  199  21:08  Spore Crawler  
  199  21:12  Zergling x2  
  199  21:21  Zergling x2  
  199  21:24  Hydralisk x3  
  198  21:29  Zergling x10  
  198  21:30  Zergling x8  
  198  21:31  Zergling x10  
  198  21:32  Zergling x6  
  200  21:34  Zergling x10  
  200  21:37  Zergling x8  
  192  21:47  Zergling x14  
  199  21:59  Zergling x24  
  199  22:00  Zergling x8  
  193  22:03  Zergling x18  
  193  22:04  Hydralisk  
  193  22:07  Baneling x12  
  192  22:09  Zergling x6  
  192  22:11  Hydralisk x2  
  192  22:15  Zergling x2  
  197  22:16  Overseer x2  
  197  22:17  Hatchery  
  197  22:19  Zergling x6  
  199  22:26  Hydralisk x4  
  195  22:34  Zergling x12  
  195  22:36  Zergling x4  
  199  22:38  Overseer  
  199  22:39  Zergling x6  
  192  22:44  Zergling x16  
  192  22:46  Hydralisk  
  192  22:47  Hydralisk x3  
  192  22:48  Zergling x2  
  200  22:53  Overlord x4  
  200  22:54  Overlord  
  200  22:57  Overlord  
  200  22:58  Overseer x3  
  185  23:00  Zergling x8  
  185  23:02  Zergling x2  
  185  23:03  Zergling x4  
  174  23:07  Zergling x16  
  174  23:08  Zergling x2  
  174  23:10  Zergling x2  
  174  23:15  Drone x4  
  177  23:21  Baneling x14  
  177  23:24  Zergling x4  
  179  23:27  Baneling x4  
  179  23:29  Zergling x6  
  179  23:31  Zergling x2  
  179  23:32  Zergling x2  
  179  23:33  Zergling x2  
  182  23:37  Zergling x2  
  182  23:38  Zergling x4  
  185  23:41  Baneling  
  185  23:42  Baneling x3  
  185  23:46  Zergling x12  
  185  23:47  Zergling x4  
  191  23:52  Zergling x12  
  191  23:55  Hydralisk x2  
  185  23:59  Zergling x10  
  165  24:05  Infestor  
  165  24:06  Infestor  
  165  24:07  Zergling x10  
  165  24:10  Zergling x8  
  167  24:20  Lurker x9  
  167  24:21  Zergling x8  
  175  24:25  Zergling x8  
  175  24:27  Zergling x4  
  175  24:28  Zergling x4  
  175  24:30  Zergling x4  
  165  24:34  Zergling x8  
  165  24:38  Baneling x5  
  166  24:39  Zergling x6  
  166  24:41  Zergling x4  
  166  24:44  Zergling x8  
  163  24:47  Zergling x4  
  163  24:49  Zergling x4  
  163  24:51  Zergling x6  
  144  24:56  Zergling x8  
  144  24:57  Zergling x2  
  144  24:58  Zergling x2  
  135  25:00  Hydralisk  
  135  25:02  Zergling x4  
  135  25:06  Zergling x6  
  126  25:08  Hydralisk  
  126  25:10  Hydralisk  
  122  25:15  Zergling x8  
  122  25:17  Hydralisk  
  122  25:18  Zergling x2  
  122  25:20  Zergling x2  
  122  25:21  Zergling x2  
  124  25:22  Zergling x2  
  124  25:26  Zergling x8  
  126  25:29  Lurker x2  
  126  25:31  Hydralisk  
  128  25:37  Overseer  
  128  25:39  Baneling x10  
  128  25:41  Lurker  
  128  25:42  Lurker  
  129  25:44  Hydralisk  
  129  25:47  Zergling x4  
  129  25:49  Baneling x4  
  133  25:53  Zergling x2  
  133  25:54  Zergling x6  
  137  26:03  Overseer  
  135  26:10  Hydralisk x3  
  139  26:13  Hatchery  
  139  26:15  Lurker x3  
  139  26:17  Lurker  
  142  26:18  Zergling x4  
  142  26:20  Zergling x2  
  142  26:21  Zergling x2  
  142  26:22  Zergling x4  
  142  26:24  Zergling x2  
  149  26:26  Baneling x4  
  149  26:31  Overseer  
  149  26:33  Zergling x10  
  149  26:36  Hydralisk  
  149  26:38  Hydralisk  
  154  26:42  Zergling x6  
  157  26:47  Zergling x2  
  157  26:48  Zergling x6  
  157  26:50  Hydralisk  
  157  26:52  Hydralisk  
  163  26:55  Hydralisk  
  163  26:59  Zergling x6  
  163  27:00  Lurker  
  166  27:02  Zergling x2  
  166  27:03  Zergling x2  
  166  27:04  Zergling x2  
  168  27:09  Zergling x6  
  168  27:11  Hydralisk  
  168  27:13  Zergling x2  
  168  27:15  Zergling x4  
  173  27:20  Lurker  
  173  27:21  Lurker x3  
  171  27:23  Baneling  
  171  27:24  Zergling x2  
  171  27:25  Zergling x2  
  171  27:26  Unknown  
  171  27:27  Zergling x4  
  174  27:32  Zergling x10  
  174  27:34  Zergling x2  
  179  27:39  Zergling x4  
  179  27:40  Zergling x2  
  181  27:45  Zergling x4  
  181  27:48  Zergling x2  
  184  27:55  Zergling x6, Extractor  
  184  27:56  Extractor  
  185  28:00  Zergling x6  
  185  28:01  Zergling x2  
  185  28:02  Baneling x3, Infestor  
  189  28:10  Zergling x12  
  195  28:13  Zergling x4  
  195  28:15  Zergling x4  
  195  28:16  Zergling x2  
  197  28:22  Zergling x6  
  200  28:34  Zergling x22  
  174  28:36  Zergling x4  
Show
View Real Time Build Order
Export as new Build Order

GuMiho Terran 

Build Orders: Command Center First (CC) 

Get SALT Encoding   

  12  0:00  SCV  
  13  0:12  SCV  
  14  0:17  Supply Depot  
  14  0:24  SCV  
  15  0:38  SCV  
  16  0:51  SCV  
  17  0:59  Command Center  
  17  1:03  SCV  
  18  1:13  Barracks  
  18  1:16  SCV  
  19  1:21  Refinery  
  19  1:28  SCV  
  19  1:30  Refinery  
  20  1:40  SCV  
  22  1:54  SCV  
  22  2:00  Reaper  
  23  2:06  Orbital Command  
  23  2:10  Orbital Command  
  23  2:19  Factory  
  23  2:31  SCV  
  23  2:33  Barracks Reactor  
  24  2:37  SCV  
  24  2:44  SCV  
  26  2:49  SCV  
  27  2:53  Command Center  
  27  2:58  SCV  
  27  3:02  SCV  
  27  3:03  Supply Depot  
  29  3:06  Starport  
  29  3:13  Hellion x2  
  29  3:15  SCV  
  29  3:18  SCV  
  29  3:19  Barracks Tech Lab  
  35  3:27  SCV  
  35  3:30  SCV  
  37  3:34  Hellion  
  37  3:39  SCV  
  42  3:42  SCV  
  42  3:43  Viking  
  42  3:47  Stimpack, Marine  
  46  3:52  SCV  
  46  3:54  SCV  
  46  4:05  Hellion x2, Orbital Command  
  46  4:06  SCV  
  46  4:07  SCV  
  46  4:09  Marine  
  53  4:10  Engineering Bay x2  
  53  4:18  SCV  
  53  4:19  Supply Depot, SCV  
  53  4:22  Orbital Command  
  55  4:25  Starport Reactor  
  55  4:31  SCV  
  61  4:33  SCV  
  61  4:38  Supply Depot  
  57  4:41  Barracks  
  57  4:42  Barracks x2, Factory Reactor  
  57  4:43  Terran Infantry Armor Level 1, Terran Infantry Weapons Level 1  
  57  4:46  Marine  
  57  4:48  SCV x2  
  57  4:49  SCV  
  61  4:54  Refinery  
  61  4:55  Refinery  
  61  4:57  Supply Depot  
  61  5:00  SCV  
  61  5:02  Supply Depot  
  61  5:03  SCV x2  
  61  5:07  Marine  
  64  5:12  SCV  
  66  5:15  SCV x2, Starport Reactor  
  68  5:24  SCV, Marine  
  68  5:27  SCV  
  71  5:30  SCV  
  71  5:31  Supply Depot  
  71  5:32  Supply Depot  
  71  5:33  Marine x2  
  71  5:34  Supply Depot, Combat Shield  
  74  5:36  SCV  
  74  5:39  SCV  
  74  5:40  Factory Reactor  
  74  5:41  Barracks  
  74  5:42  Barracks  
  76  5:44  Barracks, SCV  
  76  5:48  Supply Depot, SCV  
  78  5:50  Medivac  
  78  5:52  Medivac  
  82  5:57  Armory  
  82  6:00  SCV x2  
  82  6:01  SCV  
  82  6:03  Marine x2  
  82  6:04  Supply Depot, Marine  
  87  6:07  Marine x3  
  87  6:08  Marine  
  92  6:13  Supply Depot  
  92  6:16  SCV  
  92  6:17  SCV x2  
  92  6:18  Supply Depot  
  95  6:19  Widow Mine  
  95  6:20  Widow Mine  
  99  6:29  SCV x3, Medivac x2  
  99  6:30  Barracks Tech Lab x2  
  99  6:32  Supply Depot  
  106  6:34  Barracks Tech Lab  
  106  6:41  SCV x3  
  106  6:44  Marauder  
  106  6:46  Terran Infantry Weapons Level 2  
  111  6:52  Terran Infantry Armor Level 2  
  111  6:54  Marauder x2, Marine x3  
  113  7:00  Marauder, Marine x2  
  113  7:01  Marine  
  123  7:04  Widow Mine x2, Marine  
  128  7:12  Supply Depot  
  128  7:13  Supply Depot  
  128  7:14  Supply Depot  
  128  7:19  Marine  
  128  7:20  Marauder x2, Marine x5  
  128  7:21  Medivac  
  128  7:22  Medivac  
  142  7:24  Concussive Shells  
  142  7:30  Supply Depot  
  142  7:36  Marauder x2  
  146  7:37  Marine x3  
  146  7:38  Marine x2  
  146  7:40  Marine  
  146  7:41  Marauder x2  
  156  7:45  Widow Mine x2  
  156  7:51  Command Center  
  160  7:58  Marauder x2  
  164  8:05  Marauder  
  166  8:07  Marauder, Marine  
  166  8:11  Marine x5  
  171  8:13  Widow Mine x2  
  171  8:18  Marine  
  171  8:19  Marauder  
  178  8:23  Supply Depot  
  178  8:25  Marine  
  178  8:26  Marine  
  180  8:28  Marine  
  180  8:30  Marine x2  
  176  8:37  Marauder, Marine x3  
  176  8:41  Marauder  
  178  8:42  Marine  
  178  8:43  Widow Mine  
  178  8:44  Medivac x2, Widow Mine, Marauder  
  178  8:47  Marauder, Marine  
  178  8:48  Marine  
  193  8:55  Marine x2  
  194  8:58  Marauder  
  194  9:02  Planetary Fortress  
  199  9:03  Marauder  
  199  9:04  Marine  
  200  9:13  Terran Infantry Weapons Level 3  
  195  9:22  Marine x2  
  195  9:23  Marauder  
  184  9:25  Marauder, Marine  
  163  9:39  Marine x2  
  163  9:40  Marauder x2  
  163  9:45  Terran Infantry Armor Level 3  
  167  9:47  Command Center  
  167  9:54  Marine x2  
  167  9:55  Command Center, Marauder  
  161  10:02  Marauder x2  
  161  10:04  Medivac  
  161  10:05  Marauder, Marine x4  
  157  10:12  Marine x2  
  149  10:16  Marauder  
  135  10:23  Marine x3  
  135  10:24  Marauder x2, Marine  
  135  10:27  Marauder  
  135  10:28  Widow Mine x2  
  147  10:30  Marine x2  
  147  10:33  Medivac  
  147  10:34  Medivac  
  144  10:37  Marine  
  144  10:41  Marine x3  
  144  10:42  Refinery  
  148  10:43  Refinery  
  148  10:45  Marauder x2  
  148  10:48  Marauder  
  154  10:50  Marine x3  
  154  10:53  Widow Mine  
  154  10:54  Widow Mine  
  154  10:55  Marauder  
  163  11:00  Orbital Command  
  163  11:04  Marine  
  163  11:05  Refinery, Marine  
  163  11:06  Marauder x2  
  163  11:10  Ghost Academy  
  169  11:13  Planetary Fortress  
  169  11:24  Marauder x2, Marine x4  
  177  11:27  Marine  
  177  11:28  Marauder x2  
  172  11:37  Medivac x2, Widow Mine x2, Marine  
  181  11:42  Marine x2  
  181  11:46  Marauder  
  185  11:51  Marine x3  
  185  11:52  Marauder x2  
  185  11:53  Marauder  
  192  11:55  Marine  
  188  12:07  Medivac x2  
  172  12:10  Marauder  
  172  12:13  Marauder, Ghost x2  
  164  12:18  Marine  
  164  12:19  Marine  
  144  12:28  Marine x4  
  147  12:30  Widow Mine x2  
  147  12:31  Marauder  
  147  12:33  Ghost  
  147  12:36  Refinery x2, Marine  
  154  12:39  Sensor Tower  
  154  12:47  Ghost  
  154  12:48  Marine  
  154  12:49  Marauder, Marine  
  154  12:51  Marine x3  
  152  12:52  Marauder  
  152  12:58  Marine  
  157  13:03  Marauder  
  157  13:04  Widow Mine x2  
  163  13:06  Marine x2  
  163  13:09  Marine x3  
  163  13:10  Marauder  
  149  13:13  Medivac  
  149  13:14  Marauder  
  149  13:16  Marine  
  144  13:20  Marine  
  144  13:21  Orbital Command  
  144  13:24  Marauder, Marine  
  144  13:25  Widow Mine  
  144  13:26  Widow Mine  
  150  13:31  Marauder  
  154  13:34  Marauder  
  154  13:35  Marauder  
  156  13:47  Medivac x2, Widow Mine x2  
  164  13:48  Marine  
  164  13:49  Marauder  
  164  13:54  SCV x3  
  168  14:04  Personal Cloaking  
  168  14:06  Marine x2  
  168  14:07  Marauder x2  
  168  14:08  Widow Mine, Marine  
  177  14:12  SCV  
  177  14:13  SCV x2  
  180  14:20  SCV, Sensor Tower  
  179  14:33  Marauder x2  
  179  14:35  Ghost x2  
  178  14:54  Ghost x2  
  177  15:03  Ghost x2  
  177  15:04  Marine x2  
  183  15:08  Widow Mine x2  
  183  15:09  Medivac x2  
  183  15:13  Marine x3  
  183  15:14  Marine  
  195  15:17  Command Center  
  195  15:22  Missile Turret x2  
  195  15:23  Marauder x2  
  198  15:33  Marauder  
  196  16:05  Ghost x2  
  196  16:10  Ghost  
  200  16:15  Command Center  
  200  16:20  Command Center  
  200  16:38  Ghost x3  
  196  16:46  Medivac x2  
  200  16:48  Command Center  
  200  16:56  Missile Turret, Sensor Tower  
  198  17:33  Ghost  
  200  17:41  Orbital Command  
  198  17:45  Factory  
  198  17:46  Factory  
  195  17:59  Factory  
  195  18:00  Refinery  
  195  18:03  Planetary Fortress  
  186  18:09  Widow Mine x2  
  190  18:18  Liberator x2  
  196  18:28  Ghost x2  
  193  18:48  Ghost  
  193  18:49  Ghost  
  197  18:56  Ghost  
  197  19:02  Ghost  
  136  19:14  SCV x3  
  136  19:15  SCV  
  140  19:17  Ghost x2  
  140  19:18  Factory Tech Lab, Widow Mine x2  
  140  19:19  Factory Tech Lab  
  140  19:20  Factory Tech Lab, Medivac x2  
  150  19:25  Ghost  
  150  19:29  Terran Vehicle Weapons Level 1  
  150  19:30  Ghost  
  154  19:33  Unknown  
  154  19:35  Command Center  
  154  19:39  Marine  
  154  19:40  Marine x2  
  154  19:42  Widow Mine x2  
  161  19:45  Ghost  
  161  19:46  Ghost  
  165  19:53  Ghost  
  165  19:58  Missile Turret x2  
  165  19:59  Ghost  
  169  20:14  Ghost  
  169  20:15  Marauder  
  169  20:20  Medivac  
  169  20:21  Medivac  
  168  20:22  Ghost  
  168  20:29  Marine x2  
  170  20:36  Widow Mine x2  
  170  20:41  Missile Turret  
  176  20:43  Command Center  
  176  20:45  Sensor Tower  
  175  20:50  Medivac x2  
  175  20:52  Siege Tank  
  175  20:54  Marine x10  
  175  20:55  Siege Tank x2  
  192  20:59  Nuke  
  189  21:12  Marine x3  
  192  21:20  Medivac, Planetary Fortress  
  170  21:41  Enhanced Shockwaves  
  150  21:48  Siege Tank x3  
  150  21:49  Widow Mine x2  
  159  21:55  Marine  
  159  21:56  Marine x9  
  159  22:04  Terran Vehicle Weapons Level 2, Hi-Sec Auto Tracking, Neosteel Armor  
  153  22:08  Orbital Command  
  153  22:14  Marauder  
  150  22:16  Marauder x2, Marine x2  
  150  22:17  Command Center  
  150  22:20  Siege Tank  
  153  22:34  Ghost  
  153  22:35  Ghost  
  153  22:36  Marine x5  
  162  22:37  Marauder x2  
  147  23:01  Marauder x2  
  147  23:02  Marine x3  
  147  23:04  Marauder, Orbital Command x2, Siege Tank x3  
  139  23:06  Marauder, Marine x3  
  137  23:19  Marine  
  136  23:20  Marine x2  
  136  23:22  Marauder, Marine  
  136  23:24  Marine x3  
  136  23:25  Marine  
  144  23:27  Marine  
  145  23:36  Siege Tank x3  
  145  23:37  Marine x2  
  145  23:38  Marine  
  145  23:40  Marauder  
  159  23:41  Marine  
  159  23:42  Marine  
  159  23:43  Marauder  
  159  23:44  Marauder  
  159  23:45  Marauder  
  159  23:57  Marine x2  
  159  24:01  Marauder  
  138  24:04  Marauder, Marine x2  
  138  24:05  Marauder  
  138  24:06  Marine x2  
  138  24:07  Marauder  
  134  24:14  Marine  
  134  24:16  Siege Tank x2, Marine  
  141  24:19  Widow Mine x3  
  141  24:22  Marine x2  
  141  24:23  Marauder  
  151  24:26  Marauder x2  
  151  24:28  Marauder  
  139  24:33  Marine  
  140  24:41  Medivac x2  
  140  24:44  Marauder  
  142  24:50  Orbital Command  
  129  24:54  Marauder  
  119  25:00  Widow Mine x3  
  119  25:04  Widow Mine x2  
  119  25:06  Marauder, Marine x6  
  119  25:07  Marine x2  
  108  25:15  Marine, Orbital Command  
  99  25:23  Marine  
  99  25:24  Marine x7  
  99  25:27  Marine  
  104  25:58  Missile Turret  
  104  26:05  Ghost x3  
  104  26:09  Siege Tank x2  
  116  26:16  Medivac x2  
  111  26:27  Marauder, Marine x2  
  113  26:34  Marauder  
  113  26:38  Marauder x2, Marine x3  
  115  26:46  Orbital Command  
  115  26:59  Marauder  
  112  27:17  SCV x4  
  112  27:19  Marine  
  112  27:20  Marauder, Marine x2  
  121  27:30  Medivac  
  121  27:31  Medivac  
  125  27:38  Marine x4  
  125  27:43  Marine x4  
  133  27:45  Marine  
  134  27:53  Marauder  
  136  27:59  Missile Turret  
  136  28:04  Orbital Command  
  136  28:09  Ghost  
  136  28:10  Marauder x2  
  142  28:12  Marine  
  142  28:13  Marine  
  144  28:21  Orbital Command  
  144  28:32  Missile Turret  
Tags
 
Add a new tag
Caveats
  • Supply blocks, unpowered buildings, or Contaminate may cause inaccurate times.
  • Supply counts are checked every 10 seconds.